AoeStats
← beni-j-i

Oasis

509147992Analyzed
2v2 RM · 5d ago on Sep 25, 2026· 51m 50s· 4 players
Game mode
Random Map
Map size
Medium (4 player)
Population
200
Speed
Normal
Resources
Standard
Victory
Conquest
Starting age
Dark Age
Ending age
Imperial Age
RankedLock teamsTeams togetherTeam positionsShared explorationLock speedFull tech treeHidden civsTurbo modeCheats
Victory
Defeat
🇦🇷 Armenians · Argentina
1155
+13
🇦🇷 Cumans · Argentina
1146
+13
🇨🇭 Vietnamese · Switzerland
1104
-13
🇨🇦 Danes · Canada
1073
-13
Dester
1:28 Loom
13:08 Feudal Age
13:48 Double-Bit Axe
13:45 Horse Collar
13:27 Man-at-Arms
13:53 Arson
18:50 Castle Age
19:58 Bow Saw
19:49 Heavy Plow
20:19 Forging
20:23 Stone Mining
21:11 Scale Mail Armor
22:42 Wheelbarrow
22:41 Caravan
24:55 Gold Mining
25:41 Stone Shaft Mining
26:23 Hand Cart
28:20 Fletching
28:31 Padded Archer Armor
29:31 Thumb Ring
30:13 Bodkin Arrow
33:00 Leather Archer Armor
33:08 Ballistics
35:47 Hamask
41:28 Imperial Age
40:50 Scale Barding Armor
41:23 Bloodlines
40:44 Light Cavalry
41:54 Husbandry
42:17 Chain Barding Armor
42:33 Iron Casting
41:33 Heavy Scorpion
43:09 Onager
43:54 Crossbowman
45:33 Northmen's Fury
46:35 Conscription
49:25 Bracer
49:55 Ring Archer Armor
52:14 Chemistry
beni-j-i
10:18 Feudal Age
8:41 Loom
10:49 Double-Bit Axe
12:38 Gold Mining
13:10 Horse Collar
16:01 Fletching
23:16 Castle Age
22:26 Bloodlines
23:36 Wheelbarrow
24:24 Bow Saw
24:06 Stone Mining
24:06 Crossbowman
25:43 Heavy Plow
30:57 Murder Holes
russogiuliorusso
8:22 Loom
10:07 Feudal Age
19:31 Padded Archer Armor
20:17 Fletching
26:36 Castle Age
25:39 Scale Barding Armor
25:33 Double-Bit Axe
27:01 Wheelbarrow
28:25 Gold Mining
28:39 Elite Skirmisher
34:02 Forging
34:46 Bodkin Arrow
37:15 Iron Casting
37:46 Leather Archer Armor
41:06 Chain Barding Armor
41:16 Thumb Ring
42:41 Capped Ram
45:43 Hand Cart
48:32 Ballistics
54:00 Imperial Age
RepolloMortal
7:04 Loom
9:52 Feudal Age
10:23 Man-at-Arms
11:22 Long Swordsman
20:10 Fletching
23:00 Castle Age
21:41 Arson
22:00 Scale Mail Armor
21:51 Pikeman
22:55 Forging
23:28 Double-Bit Axe
23:32 Gambesons
24:13 Chain Mail Armor
24:44 Bow Saw
24:53 Squires
25:33 Horse Collar
26:31 Two-Handed Swordsman
29:10 Heavy Plow
31:19 Wheelbarrow
32:01 Bodkin Arrow
34:33 Iron Casting
34:06 Champion
36:21 Hand Cart
36:05 Gold Mining
38:37 Town Watch
39:06 Padded Archer Armor
39:26 Caravan
40:54 Gold Shaft Mining
40:22 Town Patrol
41:34 Ballistics
41:12 Murder Holes
46:11 Imperial Age
47:24 Plate Mail Armor
47:55 Blast Furnace
Connection lost

Rejoining the realm…

Still unreachable

The connection could not be restored.

Session expired

The server has moved on; the page needs a fresh start.